 Dungeon Crawl Stone Soup version 0.29.1 (webtiles) character file.

Game seed: 16591333652107536399

53522 hawla the Destroyer (level 14, -7/109 (110) HPs)
             Began as a Purple Draconian Conjurer on Sept 12, 2022.
             Was a High Priest of Vehumet.
             Mangled by an orc warlord
             ... wielding a +0 war axe
              (32 damage)
             ... on level 2 of the Orcish Mines on Sept 13, 2022.
             The game lasted 01:21:06 (24557 turns).

hawla the Destroyer (Purple Draconian Conjurer)    Turns: 24557, Time: 01:21:07

HP:   -7/109 (110)  AC: 13    Str: 13      XL:     14   Next: 31%
MP:   2/37          EV: 18    Int: 30 (32) God:    Vehumet [*****.]
Gold: 1293          SH:  4    Dex: 21      Spells: 3/34 levels left

rFire   + . .      SeeInvis .   u - +3 spear of a Billion Spreadsheets {drain, Fragile Int+7 Dex+4 Stlth+}
rCold   + . .      Faith    .   (no shield)
rNeg    . . .      Spirit   .   (body armour unavailable)
rPois   +          Reflect  .   T - +2 hat "Vibonat" {+Inv}
rElec   .          Harm     .   F - scarf {rC+ rF+}
rCorr   .          Rampage  .   h - +2 pair of gloves
Will    ++...                   (no boots)
Stlth   +++.......              q - amulet of the Swan {rPois Regen+ Str+4 Int+2}
HPRegen 1.88/turn               k - +6 ring of dexterity
MPRegen 0.25/turn               O - ring of magical power

@: very slightly contaminated, lightly drained
A: breathe power, AC +8, unfitting armour, cold-blooded, large bone plates 1,
regeneration 1
a: Breathe Dispelling Energy, Renounce Religion, Evoke Invisibility


You were on level 2 of the Orcish Mines.
You worshipped Vehumet.
Vehumet was extremely pleased with you.
You visited 5 branches of the dungeon, and saw 21 of its levels.
You also visited: Bailey, Ice Cave and Volcano.

You collected 1572 gold pieces.
You spent 279 gold pieces at shops.

Inventory:

Hand Weapons
 u - the +3 spear of a Billion Spreadsheets (weapon) {drain, Fragile Int+7 Dex+4 Stlth+}
   (You found it on level 8 of the Dungeon)

   A truly terrible weapon, it drains the life of any living foe it strikes.
   Int:       It affects your intelligence (+7).
   Dex:       It affects your dexterity (+4).
   Fragile:   It will be destroyed if unequipped.
   Stlth:     It makes you more stealthy.
Missiles
 b - 14 poisoned darts (quivered)
 B - 22 boomerangs
 C - 7 silver boomerangs
 J - 3 throwing nets
 S - 2 boomerangs of dispersal
Armour
 h - a +2 pair of gloves (worn)
 o - a +2 pair of gloves of dexterity
 F - a scarf of resistance (worn)
 R - a +1 tower shield of fire resistance
 T - the +2 hat "Vibonat" (worn) {+Inv}
   (You found it on level 1 of the Orcish Mines)

   +Inv:      It lets you turn invisible.
 U - a +2 hat of stealth
Magical Staves
 r - a staff of conjuration
 K - a staff of fire
Jewellery
 k - a +6 ring of dexterity (left hand)
 p - a ring of flight
 q - the amulet of the Swan (around neck) {rPois Regen+ Str+4 Int+2}
   (You acquired it on level 7 of the Dungeon)

   [amulet of regeneration]

   Str:       It affects your strength (+4).
   Int:       It affects your intelligence (+2).
   rPois:     It protects you from poison.
   Regen:     It increases your rate of health regeneration.
 y - a +4 ring of protection
 O - a ring of magical power (right hand)
Wands
 l - a wand of charming (11)
 m - a wand of polymorph (7)
 x - a wand of mindburst (18)
 A - a wand of flame (24)
 I - a wand of iceblast (10)
Scrolls
 e - 8 scrolls of enchant armour
 g - 7 scrolls of teleportation
 i - 2 scrolls of magic mapping
 j - 14 scrolls of identify
 w - a scroll of amnesia
 D - a scroll of fear
 H - a scroll of butterflies
 L - 2 scrolls of vulnerability {unknown}
 M - a scroll of enchant weapon
 Q - a scroll of poison {unknown}
Potions
 c - 4 potions of flight
 d - a potion of resistance
 f - 9 potions of curing
 n - 2 potions of attraction
 s - 3 potions of cancellation
 t - 2 potions of brilliance {unknown}
 v - 3 potions of might
 z - a potion of ambrosia
 E - 3 potions of invisibility {unknown}
 G - a potion of magic
 N - a potion of lignification {unknown}
Miscellaneous
 a - a piece from Xom's chessboard (15/15)
 P - a tin of tremorstones (2/2)


   Skills:
 - Level 6.1 Fighting
 - Level 0.8(2.1) Maces & Flails
 - Level 7.6(7.9) Polearms
 - Level 3.2(5.8) Staves
 - Level 2.0 Throwing
 - Level 8.5 Dodging
 - Level 2.2 Stealth
 - Level 10.7 Spellcasting
 - Level 11.5 Conjurations
 - Level 7.5 Necromancy
 - Level 8.9 Translocations
 * Level 7.1 Ice Magic
 - Level 7.8 Poison Magic
 - Level 3.5 Evocations


You had 3 spell levels left.
You knew the following spells:

 Your Spells              Type           Power      Damage    Failure   Level
a - Magic Dart            Conj           100%       1d8       1%          1
b - Searing Ray           Conj           100%       2d8       1%          2
c - Iskenderun's Mystic   Conj/Tloc      67%        2d14      1%          4
d - Vampiric Draining     Necr           57%        2d10      1%          3
e - Agony                 Necr           57%        N/A       4%          5
f - Olgreb's Toxic Radia  Pois           58%        N/A       1%          4
g - Ozocubu's Refrigerat  Ice            28%        4d13      34%         7
h - Freezing Cloud        Conj/Ice/Air   26%        6-21      1%          5

Your spell library contained the following spells:

 Spells                   Type           Power      Damage    Failure   Level
 Lee's Rapid Deconstruct  Erth           8%         3d8*      22%         5
 Apportation              Tloc           100%       N/A       1%          1
 Necrotise                Necr           100%       1d9       1%          1
 Sandblast                Erth           32%        2d9       1%          1
 Sting                    Tmut/Pois      100%       1d8       1%          1
 Ensorcelled Hibernation  Hex/Ice        74%        N/A       1%          2
 Poisonous Vapours        Pois/Air       78%        N/A       1%          2
 Dazzling Flash           Conj/Hex       100%       N/A       1%          3
 Mephitic Cloud           Conj/Pois/Air  53%        N/A       1%          3
 Ozocubu's Armour         Ice            56%        N/A       1%          3
 Stone Arrow              Conj/Erth      100%       3d13      1%          3
 Summon Small Mammal      Summ           64%        N/A       3%          1
 Call Imp                 Summ           16%        N/A       4%          2
 Passwall                 Tmut/Erth      13%        N/A       4%          2
 Call Canine Familiar     Summ           16%        N/A       10%         3
 Summon Guardian Golem    Hex/Summ       16%        N/A       10%         3
 Swiftness                Air            16%        N/A       10%         3
 Fulminant Prism          Conj/Hex       25%        3d14      1%          4
 Corpse Rot               Necr/Pois/Air  46%        N/A       4%          4
 Anguish                  Hex/Necr       19%        N/A       7%          4
 Simulacrum               Ice/Necr       28%        N/A       24%         6
 Polar Vortex             Ice            28%        N/A       100%        9


Dungeon Overview and Level Annotations

Branches:
Dungeon (12/15)            Temple (1/1) D:6            Lair (5/5) D:8
  Swamp (0/4) Lair:2       Spider (1/4) Lair:3        Slime (0/5) Lair:4
    Orc (2/2) D:11            Elf (0/3) Orc:2        Bailey (visited)
  IceCv (visited)         Volcano (visited)

Altars:
Ashenzari
Cheibriados
Dithmenos
Elyvilon
Fedhas
Gozag
Hepliaklqana
Kikubaaqudgha
Makhleb
Nemelex Xobeh
Okawaru
Qazlal
Ru
Sif Muna
Trog
Uskayaw
Vehumet
Wu Jian
Xom
Yredelemnul
Zin
The Shining One
Jiyva

Shops:
D:9 *   Orc:2 *((=

Annotations:
D:3 Grinder


Innate Abilities, Weirdness & Mutations

You can breathe bolts of dispelling energy.
Your rich purple scales are hard. (AC +8)
You cannot fit into any form of body armour.
You are cold-blooded and may be slowed by cold attacks.
You are partially covered in large bone plates. (SH +4)
Your natural rate of healing is unusually fast.


Message History

The orc knight is knocked back by the mystic blast.
The mystic blast hits the ynoxinul!
You kill the ynoxinul!
The ynoxinul disappears in a puff of smoke!
You feel your intelligence returning.
Your Ice Magic skill increases to level 7!
Casting: Iskenderun's Mystic Blast (safe; 1% risk of failure)
Confirm with . or Enter, or press ? or * to list all spells.
The spell is quite dangerous to miscast (36% risk of failure)!
Continue anyway?
The heat is drained from your surroundings.
The fungus begins to die.
The fungus is lightly damaged.
The orc warlord is moderately wounded.
You kill the orc sorcerer!
Vehumet accepts your kill.
The rust devil disappears in a puff of smoke!
The orc knight resists.
The orc knight is almost dead.
Unknown command.
You reach to attack!
You hit the orc warlord.
The orc warlord is moderately wounded.
The orc warlord blocks your attack. x2
The orc warlord is moderately wounded.
You hit the orc warlord but do no damage.
You drain the orc warlord.
The orc warlord is moderately wounded.
A nearby fungus withers and dies.
The orc warlord hits you with a +0 war axe!!!
You hit the orc knight but do no damage.
You drain the orc knight.
Your tail-slap misses the orc knight.
The orc knight is almost dead.
The orc knight hits you with a +0 long sword!!
The orc warlord hits you with a +0 war axe!!
* * * LOW HITPOINT WARNING * * *
You are too injured to fight recklessly!
Okay, then.
You feel better.
The orc warlord looks more healthy.
You block the orc knight's attack.
The orc warlord hits you with a +0 war axe!!
You die...

. . <........8.... ..
..#.........∩...
................))......
........................
.................)).....
.............#...)......
................o......#
................@o#
..................##
...................#.
....#.................#
#..#####.#.#.#.###.#.##
#### ######### ####


You could see an orc warlord (strong, drained) and an orc knight (strong, very
poisoned, drained).

Vanquished Creatures
  3 hydras
  3 boulder beetles
  A merfolk avatar (Lair:5)
  2 vault guards (Bailey)
  A two-headed ogre (Orc:2)
  A sun demon (Volcano)
  A hell knight (Volcano)
  A sea snake (Lair:5)
  A deep elf pyromancer (Orc:1)
  2 orc knights
  A wolf spider (Spider:1)
  5 ugly things
  A deep elf zephyrmancer (Orc:1)
  5 orc sorcerers
  2 cyclopes (D:11)
  7 elephants
  5 black mambas
  2 ice statues (IceCv)
  A torpor snail (Lair:4)
  11 cane toads
  5 rime drakes
  An unseen horror (D:10)
  13 komodo dragons
  The ghost of keekatzer the Trooper, an amateur DrMo of Ru (D:5)
  2 trolls
  3 polar bears
  2 red devils (Volcano)
  2 wind drakes (Lair:5)
  14 blink frogs
  Prince Ribbit (Bailey)
  5 dream sheep (Lair:5)
  2 snapping turtles (Lair:5)
  A jumping spider (Spider:1)
  A shadow (D:10)
  9 wyverns
  2 vampires
  A ynoxinul (D:10)
  2 wraiths
  A basilisk (Lair:4)
  36 yaks
  6 humans (Bailey)
  A steam dragon (D:10)
  2 death yak simulacra (IceCv)
  A warg (Orc:1)
  A hydra simulacrum (IceCv)
  2 hell hounds (Orc:1)
  9 water moccasins
  22 orc warriors
  8 black bears
  2 ice beasts
  A swamp drake (Orc:1)
  3 wolves (Lair:2)
  5 ogres
  10 centaurs
  26 bullfrogs
  2 necrophages
  3 scorpions
  A wyvern skeleton (D:5)
  5 wights (D:6)
  6 killer bees (D:10)
  2 jellies (D:6)
  5 howler monkeys
  A crimson imp (Orc:1)
  6 hounds
  A gnoll bouda (D:9)
  7 orc priests
  A centaur skeleton (D:5)
  3 iguanas
  An iron imp (Orc:1)
  Ijyb (D:4)
  15 orc wizards
  2 polar bear simulacra (IceCv)
  A howler monkey zombie (D:5)
  7 adders
  9 gnolls
  A shadow imp (Orc:1)
  13 white imps
  An ufetubus (D:5)
  A worm (D:5)
  4 dart slugs
  46 orcs
  2 bats
  4 endoplasms
  7 giant cockroaches
  16 goblins
  10 hobgoblins
  3 jackals (D:4)
  3 quokkas
  7 ball pythons
  2 frilled lizards
  2 kobolds
  2 rats
462 creatures vanquished.

Vanquished Creatures (collateral kills)
  A hydra (Lair:5)
  A harpy (Lair:5)
2 creatures vanquished.

Vanquished Creatures (others)
  2 orcs (Orc:1)
  77 fungi
  123 plants
202 creatures vanquished.

Grand Total: 666 creatures vanquished

Notes
Turn   | Place    | Note
-------+----------+-------------------------------------------
     0 | D:1      | hawla the Draconian Conjurer began the quest for the Orb.
     0 | D:1      | Reached XP level 1. HP: 14/14 MP: 3/3
   645 | D:1      | Found a faded altar of an unknown god.
  1035 | D:2      | Reached XP level 2. HP: 20/20 MP: 1/5
  1047 | D:2      | Learned a level 2 spell: Searing Ray
  1395 | D:2      | Reached XP level 3. HP: 26/26 MP: 6/6
  1828 | D:2      | Identified the +0 leather armour "Vekiom" {-Tele rC+++
                  | Regen+ MP+9}
  2217 | D:3      | Reached XP level 4. HP: 32/33 MP: 1/7
  2351 | D:3      | Reached skill level 1 in Staves
  2501 | D:3      | Reached skill level 5 in Conjurations
  2727 | D:3      | Noticed Grinder
  2728 | D:3      | Paralysed by Grinder for 5 turns
  2742 | D:3      | Gained mutation: You are partially covered in large bone
                  | plates. (SH +4) [potion of mutation]
  2742 | D:3      | Gained mutation: Your natural rate of healing is unusually
                  | fast. [potion of mutation]
  2743 | D:3      | Paralysed by Grinder for 3 turns
  3157 | D:4      | Learned a level 4 spell: Iskenderun's Mystic Blast
  3182 | D:4      | Noticed Ijyb
  3196 | D:4      | Killed Ijyb
  3197 | D:4      | Reached XP level 5. HP: 39/39 MP: 1/8
  3361 | D:4      | Noticed a wyvern
  3363 | D:4      | Reached skill level 1 in Translocations
  3392 | D:4      | HP: 1/39 [wyvern (2)]
  3420 | D:5      | Entered Level 5 of the Dungeon
  3772 | D:4      | Found a hide-covered altar of Uskayaw.
  3844 | D:4      | Noticed a black bear
  3859 | D:4      | Killed a black bear
  3860 | D:4      | Reached XP level 6. HP: 45/46 MP: 0/9
  4438 | D:5      | Reached skill level 6 in Conjurations
  4468 | D:5      | Killed a wyvern
  4469 | D:5      | Your scales start taking on a rich purple colour.
  4469 | D:5      | Reached XP level 7. HP: 42/51 MP: 2/11
  4623 | D:5      | Found a hazy altar of Hepliaklqana.
  4677 | D:5      | Reached skill level 7 in Conjurations
  4862 | D:5      | Found a transporter.
  4923 | D:5      | Found a transporter.
  4934 | D:5      | Noticed keekatzer's ghost (amateur DrMo)
  5116 | D:5      | Found a sparkling altar of Nemelex Xobeh.
  5187 | D:5      | Found a sacrificial altar of Ru.
  5428 | D:6      | Reached skill level 8 in Conjurations
  5428 | D:6      | Reached XP level 8. HP: 55/58 MP: 3/12
  5535 | D:6      | Reached skill level 5 in Translocations
  5752 | D:6      | Found a staircase to the Ecumenical Temple.
  6465 | D:6      | Learned a level 3 spell: Vampiric Draining
  6705 | D:7      | Reached skill level 1 in Necromancy
  6707 | D:7      | Identified a scroll of acquirement
  6707 | D:7      | Acquired the amulet of the Swan {rPois Regen+ Str+4 Int+2}
  7007 | D:7      | Reached XP level 9. HP: 49/63 MP: 4/14
  7150 | D:7      | Reached skill level 5 in Necromancy
  7296 | D:7      | Found an iron altar of Okawaru.
  7883 | D:8      | Reached skill level 9 in Conjurations
  8000 | D:8      | Identified the +3 spear of a Billion Spreadsheets {drain,
                  | Fragile Int+7 Dex+4 Stlth+}
  8058 | D:8      | Noticed a komodo dragon
  8084 | D:8      | Reached skill level 1 in Fighting
  8085 | D:8      | Killed a komodo dragon
  8092 | D:8      | Reached skill level 1 in Polearms
  8230 | D:8      | Found a staircase to the Lair.
  8364 | D:8      | Identified the +1 plate armour of the Wary Tales {Rampage
                  | rN++ Stlth+}
  8407 | D:8      | Found a snail-covered altar of Cheibriados.
  8432 | D:8      | Reached skill level 5 in Dodging
  8432 | D:8      | Reached XP level 10. HP: 35/73 MP: 5/16
  9163 | D:8      | Found a sparkling altar of Nemelex Xobeh.
  9165 | D:8      | Found a basalt altar of Yredelemnul.
  9165 | D:8      | Found a sparkling altar of Nemelex Xobeh.
  9167 | D:8      | Found a shimmering altar of Xom.
  9167 | D:8      | Found a glowing silver altar of Zin.
  9167 | D:8      | Found an iron altar of Okawaru.
  9545 | D:8      | Learned a level 5 spell: Agony
  9941 | D:9      | Found Qytuimn's General Store.
 10518 | D:10     | Entered Level 10 of the Dungeon
 10546 | D:10     | Found a flagged portal.
 10576 | Bailey   | Entered a bailey
 10715 | Bailey   | Reached skill level 5 in Spellcasting
 10962 | Bailey   | Noticed a vault guard
 10962 | Bailey   | Noticed Prince Ribbit
 10971 | Bailey   | Killed Prince Ribbit
 10972 | Bailey   | Reached XP level 11. HP: 78/83 MP: 14/19
 10998 | Bailey   | Killed a vault guard
 11118 | Bailey   | Noticed a vault guard
 11334 | Bailey   | Killed a vault guard
 11335 | Bailey   | Reached skill level 5 in Polearms
 11468 | D:10     | Reached skill level 1 in Throwing
 11570 | D:10     | Found a blossoming altar of Fedhas.
 11580 | D:10     | Found a stormy altar of Qazlal.
 11639 | D:10     | Found a basalt altar of Yredelemnul.
 11740 | D:10     | Learned a level 4 spell: Olgreb's Toxic Radiance
 12045 | D:10     | Reached skill level 1 in Poison Magic
 12165 | D:10     | Found the +4 robe of Augmentation {Str+4 Int+4 Dex+4}
 12366 | D:10     | Found a white marble altar of Elyvilon.
 12447 | D:10     | Found a shimmering blue altar of Sif Muna.
 12507 | D:10     | Got Sif Muna's Volume of Stolen Souls
 12512 | D:10     | Found a bloodstained altar of Trog.
 12834 | D:11     | Found a frozen archway.
 12962 | IceCv    | Entered an ice cave
 12962 | IceCv    | Noticed a white ugly thing
 12989 | IceCv    | Killed a white ugly thing
 13102 | IceCv    | Found a transporter.
 13106 | IceCv    | Noticed a white ugly thing
 13109 | IceCv    | Found a transporter.
 13134 | IceCv    | Killed a white ugly thing
 13135 | IceCv    | Reached skill level 5 in Poison Magic
 13315 | IceCv    | Reached skill level 1 in Evocations
 13584 | D:11     | Identified the +10 rapier "Ludan" {flame, Will+ Int+3}
 13711 | D:11     | Reached skill level 10 in Conjurations
 13886 | Temple   | Entered the Ecumenical Temple
 14060 | Temple   | Became a worshipper of Vehumet
 14193 | D:11     | Noticed a cyan ugly thing
 14208 | D:11     | Killed a cyan ugly thing
 14627 | D:11     | Found a staircase to the Orcish Mines.
 14700 | D:11     | Noticed a boulder beetle
 14785 | D:11     | Killed a boulder beetle
 14786 | D:11     | Reached XP level 12. HP: 86/92 MP: 16/21
 15049 | D:5      | Killed keekatzer's ghost
 15315 | Lair:1   | Entered Level 1 of the Lair of Beasts
 15704 | Lair:1   | Noticed a seven-headed hydra
 15716 | Lair:1   | Reached * piety under Vehumet
 15716 | Lair:1   | Offered knowledge of Shock by Vehumet.
 15746 | Lair:1   | Killed a seven-headed hydra
 15878 | Lair:1   | Identified the +1 scale mail of Generosity {Dex+2}
 16159 | Lair:1   | Identified the +9 dagger "Mustel" {elec, Stlth+}
 16541 | Lair:2   | Found a staircase to the Swamp.
 16783 | Lair:2   | Reached skill level 5 in Fighting
 17585 | Lair:3   | Identified the +1 ring mail of Weightlessness {Harm}
 17889 | Lair:3   | Offered knowledge of Scorch by Vehumet.
 17896 | Lair:3   | Reached skill level 11 in Conjurations
 18364 | Lair:3   | Found a hole to the Spider Nest.
 18482 | Lair:3   | Reached ** piety under Vehumet
 18612 | Lair:3   | Noticed a six-headed hydra
 18624 | Lair:3   | Killed a six-headed hydra
 18625 | Lair:3   | Reached XP level 13. HP: 93/101 MP: 4/25
 19176 | Lair:4   | Found a runed translucent door.
 19180 | Lair:4   | Found a viscous altar of Jiyva.
 19182 | Lair:4   | Found a staircase to the Slime Pits.
 20167 | Lair:5   | Entered Level 5 of the Lair of Beasts
 21167 | Lair:5   | Offered knowledge of Mephitic Cloud by Vehumet.
 21168 | Lair:5   | Reached skill level 10 in Spellcasting
 21590 | Lair:5   | Reached *** piety under Vehumet
 21901 | Lair:5   | Offered knowledge of Sticky Flame by Vehumet.
 22173 | Spider:1 | Entered Level 1 of the Spider Nest
 22182 | Spider:1 | Learned a level 7 spell: Ozocubu's Refrigeration
 22197 | Spider:1 | Reached skill level 1 in Ice Magic
 22519 | Orc:1    | Entered Level 1 of the Orcish Mines
 22542 | Orc:1    | Found a dark tunnel.
 22551 | Volcano  | Entered a volcano
 22603 | Volcano  | Learned a level 5 spell: Freezing Cloud
 22719 | Volcano  | Reached XP level 14. HP: 110/110 MP: 15/28
 23362 | Orc:1    | Reached **** piety under Vehumet
 23494 | Orc:1    | Offered knowledge of Lee's Rapid Deconstruction by Vehumet.
 23567 | Orc:1    | Identified the +2 hat "Vibonat" {+Inv}
 23595 | Orc:1    | Reached skill level 5 in Ice Magic
 23660 | Orc:2    | Entered Level 2 of the Orcish Mines
 23845 | Orc:2    | Found Goji's Antique Weapon Boutique.
 23926 | Orc:2    | Found Dadeyx's Antique Weapon Emporium.
 23958 | Orc:2    | Found a staircase to the Elven Halls.
 24479 | Orc:2    | Found Gyry's General Store.
 24488 | Orc:2    | Bought a +2 pair of gloves of dexterity for 279 gold pieces
 24541 | Orc:2    | Found Mylaplom's Jewellery Boutique.
 24543 | Orc:2    | Reached ***** piety under Vehumet
 24544 | Orc:2    | Noticed an orc warlord
 24557 | Orc:2    | Mangled by an orc warlord

Illustrated notes

Levels and vault maps discovered:
D:1:      dpeg_arrival_fog, layout_basic, ebering_ecumenical_altar_rust
D:2:      layout_loops_ring
D:3:      layout_rooms, grunt_ministairs_14, uniq_grinder
D:4:      kennysheep_goblin_castle, layout_gridville,
          nicolae_overflow_crystal_walls, amcnicky_mini_corridor_feature
D:5:      layout_gridville, mainiacjoe_overflow_alcove_1,
          mainiacjoe_overflow_small_starburst, kennysheep_mini,
          gammafunk_ghost_mausoleum
D:6:      layout_basic, temple_green
D:7:      layout_cave_pods, mainiacjoe_overflow_alcove_2
D:8:      layout_layer_cave, doesnt_xom_only_xom, mainiacjoe_overflow_24_doors,
          due_lair_maze_entry_diamond
D:9:      layout_irregular_city, serial_shops, nicolae_shop_stone
D:10:     layout_irregular_city, grunt_temple_overflow_forces_of_nature,
          nzn_overflow_gifts_of_might_and_magic, kennysheep_ying_yang,
          enter_bailey_5, minivault_24
D:11:     layout_grid_maze, orc_0_dummy, portal_ice_cave_entry_imps
D:12:     layout_big_octagon, serial_demonic, serial_demonic_d,
          serial_demonic_c, serial_demonic_g, serial_demonic_f,
          serial_demonic_g, serial_demonic_f, serial_demonic_c,
          serial_demonic_d, minivault_25_ag, guppyfry_shop_venom
Temple:   chequers_temple_sunken
Lair:1:   layout_hall_layers
Lair:2:   layout_long_grid, swamp_mist, forest_entry_grove
Lair:3:   layout_regular_city, dummy_spider_entry, serial_bayou_shore_b
Lair:4:   layout_regular_city, slime_entry_1, serial_bayou_pond_e,
          pf_torpor_hydra, grunt_megastairs_1
Lair:5:   gammafunk_lair_ancient_temple, layout_big_grid,
          hangedman_lair_unloving_vines, serial_bayou_shore_b, lemuel_fruit_tree
Spider:1: layout_spider_delve
Orc:1:    layout_diamond_mine, enter_volcano_3, hangedman_minor_magic
Orc:2:    grunt_orc_gardens, layout_caves, grunt_orc_garden, grunt_orc_garden,
          grunt_orc_garden, grunt_orc_garden, serial_shops,
          nicolae_shop_overgrown_old_shop, minmay_orc_temple_c, uniq_maurice

Skill      XL: |  1  2  3  4  5  6  7  8  9 10 11 12 13 14 |
---------------+-------------------------------------------+-----
Dodging        | 2 3 5 6 7 8 |  8.5
Stealth        | 2 |  2.2
Staves         | 2 3 |  3.2
Conjurations   | 5 6 8 9 10 11 | 11.5
Translocations | 2 3 4 5 6 7 8 |  8.9
Spellcasting   | 3 4 5 6 8 10 | 10.7
Necromancy     | 3 5 7 |  7.5
Fighting       | 2 3 4 5 6 |  6.1
Polearms       | 2 4 5 6 7 |  7.6
Throwing       | 1 2 |  2.0
Poison Magic   | 5 6 7 |  7.8
Evocations     | 2 3 |  3.5
Ice Magic      | 2 7 |  7.1
Maces & Flails | |  0.8

Action                   |  1- 3 |  4- 6 |  7- 9 | 10-12 | 13-15 || total
-------------------------+-------+-------+-------+-------+-------++-------
Melee: Unarmed           |     8 |       |       |       |       ||     8
       Tailslap          |     2 |    17 |    37 |   114 |    43 ||   213
       Quarterstaff      |    17 |   118 |   115 |       |       ||   250
       Whip              |       |    11 |    65 |       |       ||    76
       Spear             |       |       |    53 |   635 |   260 ||   948
       Punch             |       |       |       |    10 |     2 ||    12
Throw: Dart              |       |       |       |    20 |     3 ||    23
       Boomerang         |       |       |       |    12 |       ||    12
 Cast: Magic Dart        |    18 |    14 |     7 |    11 |    24 ||    74
       Searing Ray       |     6 |    11 |    18 |    39 |    37 ||   111
       Iskenderun's Myst |       |     4 |    36 |   142 |    79 ||   261
       Vampiric Draining |       |       |     2 |     4 |       ||     6
       Agony             |       |       |       |     1 |       ||     1
       Olgreb's Toxic Ra |       |       |       |    17 |    58 ||    75
       Freezing Cloud    |       |       |       |       |     2 ||     2
       Ozocubu's Refrige |       |       |       |       |     8 ||     8
Evoke: Wand              |       |       |       |    12 |     3 ||    15
  Use: Scroll            |     7 |     3 |    10 |     9 |     5 ||    34
       Potion            |       |     5 |     3 |     5 |     5 ||    18
 Stab: Sleeping          |     2 |     3 |     1 |    11 |     4 ||    21
       Distracted        |       |     1 |       |     2 |     1 ||     4
       Invisible         |       |       |       |     3 |       ||     3
Armor: Skin              |     8 |    66 |   173 |   277 |    93 ||   617
Dodge: Dodged            |    31 |   118 |   264 |   563 |   217 ||  1193
Block: Other             |       |    20 |    62 |   120 |    50 ||   252
